 Dungeon Crawl Stone Soup version 0.27-a0-1359-ga2a4dfd6fd (webtiles) character file.

Game seed: 9477578926752016262

107 ziltoidlt the Magician (level 5, -1/37 HPs)
             Began as a Djinni Ice Elementalist on June 28, 2021.
             Slain by an iguana (9 damage)
             ... on level 4 of the Dungeon.
             The game lasted 00:15:36 (3076 turns).

ziltoidlt the Magician (Djinni Ice Elementalist)    Turns: 3076, Time: 00:15:37

Health: -1/37      AC:  3    Str:  8    XL:     5   Next: 10%
Gold:   63         EV: 13    Int: 16    God:
                   SH:  0    Dex: 14

rFire    + + .     SeeInvis .   i - +0 dagger
rCold    + . .     Faith    .   (no shield)
rNeg     + . .     Spirit   .   f - +1 robe {rC+}
rPois    ∞         Reflect  .   (no helmet)
rElec    .         Harm     .   (no cloak)
rCorr    .         Rampage  .   (no gloves)
Will     .....                  (boots unavailable)
Stlth    ++........             (no amulet)
HPRegen  0.12/turn              c - ring of protection from cold
MPRegen  0.00/turn              a - ring of positive energy

@: flying
A: sickness immunity, fire resistance 2, cold vulnerability 1, float, innate
caster, hp casting, extra vitality 1
a: no special abilities


You were on level 4 of the Dungeon.
You visited 1 branch of the dungeon, and saw 5 of its levels.

You collected 63 gold pieces.

Inventory:

Hand Weapons
 i - a +0 dagger (weapon)
Missiles
 b - 37 stones
 e - 14 poisoned darts
Armour
 f - a +1 robe of cold resistance (worn)
Jewellery
 a - a ring of positive energy (right hand)
 c - a ring of protection from cold (left hand)
Wands
 n - a wand of polymorph (7)
Scrolls
 g - 2 scrolls of identify {unknown}
 j - a scroll of vulnerability {unknown}
 k - a scroll of silence {unknown}
 m - a scroll of immolation {unknown}
 o - a scroll of amnesia {unknown}
Potions
 d - a potion of degeneration {unknown}
 h - a potion of heal wounds {unknown}
 l - a potion of brilliance {unknown}
 p - a potion of might {unknown}


   Skills:
 + Level 1.6 Fighting
 * Level 1.7 Short Blades
 + Level 1.2 Armour
 + Level 3.0 Dodging
 - Level 1.5 Stealth
 + Level 3.6 Spellcasting


You couldn't memorise any spells.
You knew the following spells:

 Your Spells              Type           Power      Damage    Failure   Level
a - Freeze                Ice            56%        1d7       4%          1
b - Frozen Ramparts       Ice            28%        1d4       12%         3
c - Ozocubu's Armour      Ice            14%        N/A       12%         3
d - Hailstorm             Conj/Ice       14%        3d5       36%         4
e - Metabolic Englaciati  Hex/Ice        7%         N/A       73%         5
f - Magic Dart            Conj           56%        1d5       4%          1
g - Poisonous Vapours     Pois/Air       28%        N/A       6%          2
Your spell library was empty.

Dungeon Overview and Level Annotations

Branches:
Dungeon (5/15)
 Temple: D:4-7

Altars:

Annotations:
D:2 Gnolls, exclusion: 3 gnolls


Innate Abilities, Weirdness & Mutations

You are immune to sickness and miasma.
You are immune to poison.
Your flesh is very heat resistant. (rF++)
You are vulnerable to cold. (rC-)
You float through the air rather than walking.
You learn spells naturally, not from books.
Your magical power is your life essence.
You have superior vitality. (+4 HP)


Message History

The iguana bites you!
There is a stone staircase leading up here.
The iguana bites you.
* * * LOW HITPOINT WARNING * * *
You fly upwards.
You hear the hiss of flowing sand.
There is an entrance to an ossuary on this level.
Hurry and find it before the portal is buried!
Found a runed dagger and a murky green potion.
There is a stone staircase leading down here.
Okay, then.
Press: ? - help, . - travel You can't see that place.
Casting: Freeze (safe; 4% risk of failure)
Confirm with . or Enter, or press ? or * to list all spells.
Aiming: Freeze (safe; 4% risk of failure)
Press: ? - help, Shift-Dir - straight line, f - iguana
Aim: an iguana You freeze the iguana.
The iguana is moderately wounded.
The iguana seems to slow down.
* * * LOW HITPOINT WARNING * * *
Found a scroll labelled VIALUOHEOL.
Okay, then.
Press: ? - help, v - describe, . - travel
Here: an iguana (moderately wounded, slow)
The floor.
Aiming: Polymorph
Press: ? - help, Shift-Dir - straight line, f/p - iguana
Aim: an iguana (moderately wounded, slow, will become a hound, a rat, or an adder, chance to affect: 54%)
Okay, then.
Aiming: Magic Dart (safe; 4% risk of failure)
Press: ? - help, Q - select action, (/) - cycle Shift-Dir - straight line, f/p - iguana
Aim: an iguana (moderately wounded, slow, 100% to hit)
The magic dart hits the iguana but does no damage.
The iguana is moderately wounded.
* * * LOW HITPOINT WARNING * * *
The iguana is no longer moving slowly.
An adder comes into view.
The iguana bites you!
You die...

#># #.# ###
#.####....
###......#
#.....####
###.#.#.####
...?!).....#
.##.#l#.##.#
# #.@...# #
###.### #...
##.## S# ..
... .##


You could see an iguana and an adder (asleep).

Vanquished Creatures
  Jessica (D:2)
  2 adders
  A worm (D:3)
  A dart slug (D:1)
  8 endoplasms
  2 giant cockroaches
  3 goblins
  7 hobgoblins
  3 jackals (D:3)
  5 kobolds
  2 quokkas
  11 ball pythons
  3 bats
  A frilled lizard (D:1)
  4 rats (D:1)
54 creatures vanquished.

Notes
Turn   | Place    | Note
-------+----------+-------------------------------------------
     0 | D:1      | ziltoidlt the Djinni Ice Elementalist began the quest for
                  | the Orb.
     0 | D:1      | Reached XP level 1. HP: 15/15 MP: 0/0
   399 | D:1      | Reached XP level 2. HP: 17/22 MP: 0/0
   725 | D:1      | Reached skill level 1 in Fighting
  1396 | D:1      | Reached XP level 3. HP: 21/27 MP: 0/0
  1396 | D:1      | Learned a level 1 spell: Magic Dart
  1625 | D:2      | Noticed Jessica
  1632 | D:2      | Killed Jessica
  1635 | D:2      | Reached XP level 4. HP: 28/32 MP: 0/0
  1781 | D:2      | Reached skill level 1 in Short Blades
  1949 | D:2      | Reached skill level 1 in Armour
  2779 | D:3      | Reached XP level 5. HP: 35/37 MP: 0/0
  2779 | D:3      | Learned a level 2 spell: Poisonous Vapours
  3058 | D:3      | You are sucked into a shaft and drop 2 floors!
  3058 | D:5      | Entered Level 5 of the Dungeon
  3059 | D:5      | Noticed an ogre
  3076 | D:4      | Slain by an iguana

Illustrated notes

Levels and vault maps discovered:
D:1:      dpeg_chamrin_arrival_tetris, layout_basic
D:2:      layout_basic, uniq_jessica
D:3:      layout_rooms, lemuel_round_altar, gammafunk_temple_overflow_wave
D:4:      layout_loops_ring, kennysheep_mini_moat,
          nicolae_ossuary_entry_monument, dk_noncrumbling_4,
          nicolae_elemental_shop
D:5:      layout_layer_cave, pf_just_have_faith, nicolae_elyvilon_peaceful_grove

Skill      XL: |  1  2  3  4 |
---------------+-------------+-----
Fighting       | 1 |  1.6
Short Blades   | 1 |  1.7
Armour         | 1 |  1.2
Dodging        | 3 |  3.0
Stealth        | |  1.5
Spellcasting   | |  3.6

Action                   |  1- 3 |  4- 6 || total
-------------------------+-------+-------++-------
Melee: Whip              |     7 |       ||     7
       Dagger            |       |     9 ||     9
Throw: Stone             |    42 |       ||    42
 Cast: Freeze            |    31 |    13 ||    44
       Magic Dart        |     5 |    56 ||    61
       Frozen Ramparts   |       |     2 ||     2
 Stab: Sleeping          |     3 |       ||     3
Armor: Robe              |     3 |     1 ||     4
Dodge: Dodged            |    19 |     9 ||    28

Table legend: (Time is in decaauts)
 A = Elapsed time spent in this place.
 B = Non-inter-level travel time spent in this place.
 C = Inter-level travel time spent in this place.
 D = Time resting spent in this place.
 E = Time spent auto-exploring this place.
 F = Levels seen in this place.
 G = Mean time per level.
                   A        B        C        D        E       F      G
               +--------+--------+--------+--------+--------+-----+--------+
         Total |   3076 |   3042 |     34 |   1334 |   1271 |   5 |  615.2 |
       Dungeon |   3076 |   3042 |     34 |   1334 |   1271 |   5 |  615.2 |
               +--------+--------+--------+--------+--------+-----+--------+

Top non-repeatable levels by time:
     D:1: 1575 daAuts
     D:2: 798 daAuts
     D:3: 684 daAuts
     D:4: 11 daAuts
     D:5: 5 daAuts
